 Dungeon Crawl Stone Soup version 0.14-a0-1721-g84c87b2 (webtiles) character file.

427 HollowCharge the Skirmisher (level 6, -1/40 HPs)
             Began as a Tengu Fighter on Jan 2, 2014.
             Killed from afar by an orc wizard (8 damage)
             ... with a puff of frost
             ... on Level 4 of the Dungeon.
             The game lasted 00:13:17 (2572 turns).

HollowCharge the Skirmisher (Tengu Fighter)         Turns: 2572, Time: 00:13:18

HP  -1/40        AC  6     Str 16      XL: 6   Next:  9%
MP   8/8         EV  7     Int  9      God:
Gold 185         SH 18     Dex 15      Spells:  0 memorised,  5 levels left

rFire  . . .     SeeInvis .     a - +1,+0 falchion
rCold  . . .     Clarity  .     f - +0 ring mail (curse)
rNeg   . . .     Conserve .     c - +0 shield
rPois  .         rCorr    .     (helmet restricted)
rElec  .         rRot     .     t - +0 cloak
SustAb . .       Spirit   .     (no gloves)
rMut   .         Warding  .     (boots unavailable)
Saprov . . .     Stasis   .     (no amulet)
                                (no ring)
                                (no ring)

@: slightly resistant to hostile enchantments, very unstealthy
A: able to fly, beak, talons 3
a: Fly


You were on level 4 of the Dungeon.
You were hungry.

You visited 1 branch of the dungeon, and saw 4 of its levels.

You collected 185 gold pieces.

Inventory:

Hand weapons
 a - a +1,+0 falchion (weapon)
 p - a +0,+0 elven falchion
Armour
 b - a +0 scale mail
 c - a +0 shield (worn)
 f - a cursed +0 ring mail (worn)
 t - a +0 cloak (worn)
 y - a +0 orcish ring mail
Comestibles
 d - 3 bread rations
 l - a choko
 n - a meat ration
 o - a lemon
 u - 2 pears
Scrolls
 g - a scroll of curse jewellery {unknown}
 h - a scroll of amnesia
 k - a scroll of fog
 m - 3 scrolls of teleportation
Jewellery
 e - an uncursed ring of flight {unknown}
 w - an uncursed ring of wizardry
Potions
 i - a potion of heal wounds {unknown}
 j - 4 potions of curing {unknown}
 q - a potion of lignification {unknown}
 r - a potion of flight {unknown}


   Skills:
 + Level 5.1 Fighting
 + Level 5.0 Long Blades
 - Level 3.2 Armour
 - Level 3.0 Shields


You had 5 spell levels left.
You didn't know any spells.

Dungeon Overview and Level Annotations

Branches:
Dungeon (4/16)
 Temple: D:4-7

Altars:
Kikubaaqudgha
Xom

Annotations:
D:2 Sigmund


Innate Abilities, Weirdness & Mutations

You can fly.
You have a beak for a mouth.
You have claws for feet.


Message History

You feel a wave of unholy energy pass over you.
Things that are here:
a dagger; a goblin corpse You closely miss the orc wizard.
You claw the orc wizard. You peck the orc wizard.
The orc wizard is moderately wounded.
The orc wizard points at you and mumbles some strange words.
You block the puff of flame.
The orc priest mumbles some strange prayers to Beogh against you.
Something smites you!
You hit the orc wizard. Your kick misses the orc wizard.
You peck the orc wizard.
The orc wizard is heavily wounded.
The orc wizard barely misses you.
The orc priest calls down the wrath of Beogh upon you.
Something smites you!
* * * LOW HITPOINT WARNING * * *
The orc wizard gestures at you while chanting.
The puff of frost hits you!
You die...

#.#..###
#.#....## #
##....######
#..........#
##...#####.
##.## ######
#.# #.....
#.# #.####
#@# #.# #o#
### #z# #o#
## #####
##.##...#
#....
#.......#
#....
#..##.###
##### #.o# #
#...


You could see an orc priest, 2 orc wizards and a goblin skeleton.

Vanquished Creatures
  A centaur (D:4)
  An orc wizard (D:4)
  Ijyb (D:3)
  6 adders
  A giant mite (D:3)
  A giant gecko (D:1)
  An ooze (D:1)
  7 orcs
  2 ball pythons
  6 bats
  2 giant cockroaches
  9 goblins
  8 hobgoblins
  4 giant newts
  7 kobolds
  5 rats
62 creatures vanquished.

Notes
Turn   | Place    | Note
--------------------------------------------------------------
     0 | D:1      | HollowCharge, the Tengu Fighter, began the quest for the Orb.
     0 | D:1      | Reached XP level 1. HP: 14/14 MP: 1/1
   159 | D:1      | Reached XP level 2. HP: 19/19 MP: 3/3
   509 | D:2      | Reached XP level 3. HP: 23/23 MP: 4/4
   522 | D:2      | Found an ancient bone altar of Kikubaaqudgha.
   537 | D:2      | Noticed Sigmund
   947 | D:3      | Reached skill level 4 in Fighting
   960 | D:3      | Reached XP level 4. HP: 20/29 MP: 5/5
  1116 | D:3      | Noticed Ijyb
  1124 | D:3      | Killed Ijyb
  1484 | D:3      | Found a shimmering altar of Xom.
  1567 | D:3      | Reached XP level 5. HP: 34/34 MP: 7/7
  2194 | D:4      | Noticed a centaur
  2201 | D:4      | Killed a centaur
  2201 | D:4      | Reached skill level 5 in Fighting
  2201 | D:4      | Reached skill level 5 in Long Blades
  2201 | D:4      | Reached XP level 6. HP: 8/40 MP: 8/8
  2572 | D:4      | Killed from afar by an orc wizard

Action                   |  1- 3 |  4- 6 || total
-------------------------+-------+-------++-------
Melee: Falchion          |    99 |    90 ||   189
  Use: Scroll            |       |     9 ||     9
